Map: Ascension to Aiur LE

Players

Minatoeh (Minato)

  • Race: Zerg Zerg
  • League: Master
  • Spawn Location: 11:00

Nerchio - Winner!

  • Race: Zerg Zerg
  • League: Grandmaster
  • Spawn Location: 5:00

Event: WESG Barcelona European Finals 2017

VOD

Have the link to the VOD?

Description

Time

  • Played on: Nov. 25, 2017, 11:45 a.m.
  • Length: 5:35

All games in this series

Show
View Real Time Build Order
Export as new Build Order

Minatoeh Zerg 

Build Orders: Hatch First 

Get SALT Encoding   

  12  0:00  Drone  
  13  0:12  Overlord  
  13  0:18  Drone  
  14  0:31  Drone x2  
  16  0:36  Drone  
  17  0:52  Hatchery  
  17  0:56  Drone  
  17  0:58  Drone  
  18  1:11  Extractor  
  17  1:13  Spawning Pool  
  17  1:17  Drone  
  17  1:20  Drone  
  18  1:28  Drone  
  19  1:40  Overlord  
  19  1:57  Drone  
  19  1:59  Queen  
  19  2:00  Zergling x2  
  23  2:03  Queen  
  23  2:04  Drone  
  26  2:10  Metabolic Boost  
  26  2:12  Drone  
  27  2:16  Drone  
  27  2:21  Drone  
  29  2:25  Drone  
  30  2:32  Drone  
  30  2:35  Queen  
  33  2:39  Drone  
  34  2:44  Overlord  
  34  2:48  Zergling x2  
  35  2:52  Evolution Chamber  
  35  2:54  Zergling x2  
  35  3:01  Zergling x2  
  36  3:08  Hatchery  
  36  3:12  Zergling x8  
  39  3:13  Zergling x2  
  39  3:15  Zergling x2  
  39  3:17  Zergling x2  
  39  3:19  Zergling x2  
  42  3:28  Zerg Ground Armor Level 1  
  42  3:32  Overlord  
  42  3:37  Zergling x2  
  43  3:43  Evolution Chamber  
  43  3:45  Zergling x2  
  43  3:53  Zergling x10  
  48  3:56  Zergling x2  
  48  3:57  Zergling x2  
  44  4:14  Zergling x8  
  44  4:17  Zergling x2  
  49  4:20  Zergling x4  
  49  4:22  Zergling x2  
  45  4:31  Zergling x8  
  45  4:33  Zergling x2  
  45  4:36  Zergling x2  
  45  4:38  Zergling x2  
  44  4:42  Zergling x4  
  44  4:45  Zergling x2  
  34  4:54  Zergling x4  
  34  4:55  Zergling x4  
  34  4:57  Zergling x2  
  34  5:00  Zergling x2  
  34  5:03  Zergling x2  
  34  5:05  Zergling x2  
  37  5:08  Zergling x2  
  37  5:11  Zergling x2  
  37  5:13  Zergling x2  
  40  5:16  Zergling x2  
Show
View Real Time Build Order
Export as new Build Order

Nerchio Zerg - Winner!

Build Orders: Hatch First, Zergling Baneling 

Get SALT Encoding   

  12  0:00  Drone  
  13  0:12  Overlord  
  13  0:17  Drone  
  14  0:30  Drone x2  
  14  0:34  Drone  
  17  0:51  Hatchery  
  17  0:55  Drone  
  17  0:58  Drone  
  17  1:02  Extractor  
  17  1:14  Spawning Pool  
  17  1:17  Drone  
  17  1:20  Drone  
  18  1:27  Drone  
  19  1:38  Overlord  
  19  1:49  Drone  
  20  2:00  Queen  
  22  2:02  Metabolic Boost  
  22  2:03  Queen  
  22  2:07  Zergling x2  
  25  2:10  Zergling x2  
  25  2:13  Zergling x2  
  27  2:16  Drone  
  27  2:22  Drone  
  29  2:26  Drone  
  30  2:32  Drone  
  30  2:35  Drone  
  32  2:45  Hatchery  
  32  2:50  Baneling Nest  
  30  2:53  Drone  
  30  2:54  Drone  
  32  2:59  Overlord  
  32  3:01  Drone  
  32  3:04  Drone  
  34  3:14  Zergling x4  
  34  3:18  Zergling x8  
  40  3:20  Zergling x2  
  40  3:22  Zergling x2  
  42  3:28  Overlord  
  42  3:36  Baneling x3  
  42  3:37  Zergling x2  
  42  3:39  Overlord  
  42  3:40  Baneling  
  42  3:44  Overlord  
  42  3:45  Zergling x2  
  42  3:48  Zergling x2  
  44  3:51  Baneling  
  44  3:53  Zergling x2  
  44  3:54  Zergling x2  
  46  3:58  Zergling x2  
  46  4:00  Zergling x4  
  48  4:05  Overlord  
  48  4:07  Zergling x2  
  47  4:12  Zergling x6  
  47  4:13  Baneling  
  47  4:17  Baneling x2  
  49  4:18  Zergling x2  
  49  4:20  Zergling x2  
  50  4:26  Baneling, Zergling x4  
  50  4:29  Zergling x2  
  52  4:32  Zergling x4  
  52  4:36  Zergling x2  
  51  4:40  Zergling x2  
  51  4:42  Zergling x2  
  51  4:43  Zergling x2  
  54  4:46  Zergling x4  
  54  4:52  Zergling x6  
  53  4:55  Zergling x2  
  53  4:57  Zergling x2  
  52  5:00  Baneling x2  
  52  5:03  Baneling x2  
  52  5:04  Zergling x2  
  52  5:06  Zergling x2  
  54  5:08  Zergling x2  
  54  5:11  Zergling x2  
  56  5:14  Zergling x4  
  56  5:16  Zergling x2  
Tags
 
Add a new tag
Caveats
  • Supply blocks, unpowered buildings, or Contaminate may cause inaccurate times.
  • Supply counts are checked every 10 seconds.